Map: Blackpink LE

Players

CinDra - Winner!

  • Race: Zerg Zerg
  • League: Silver
  • Spawn Location: 1:00

miguel

  • Race: Protoss Protoss
  • League: Silver
  • Spawn Location: 7:00

VOD

Have the link to the VOD?

Description

Time

  • Played on: Feb. 13, 2018, 1:04 p.m.
  • Length: 27:04
Show
View Real Time Build Order
Export as new Build Order

CinDra Zerg - Winner!

Build Orders: Hatch First, Muta Ling Bane 

Get SALT Encoding   

  12  0:14  Drone x2  
  12  0:17  Overlord  
  15  0:35  Drone  
  15  0:36  Drone  
  16  0:47  Drone  
  17  1:03  Drone  
  18  1:06  Hatchery  
  18  1:10  Drone  
  18  1:24  Spawning Pool  
  17  1:25  Extractor  
  17  1:26  Drone  
  17  1:42  Drone x2  
  19  1:52  Overlord  
  19  2:03  Drone  
  20  2:12  Queen  
  20  2:14  Zergling x2  
  23  2:24  Zergling x2  
  23  2:26  Queen  
  23  2:28  Drone  
  27  2:30  Metabolic Boost  
  27  2:37  Drone  
  27  2:38  Drone  
  27  2:39  Drone  
  30  2:48  Drone  
  30  2:50  Drone  
  32  3:13  Drone  
  32  3:14  Drone x3  
  32  3:18  Baneling Nest  
  35  3:21  Extractor  
  35  3:22  Overlord  
  35  3:24  Drone  
  35  3:34  Roach Warren, Drone x2  
  35  3:38  Overlord  
  36  3:44  Drone x4  
  36  3:45  Drone  
  36  3:46  Overlord  
  41  3:54  Pneumatized Carapace  
  41  3:58  Lair  
  41  4:01  Drone x2  
  43  4:07  Zergling x2  
  43  4:09  Overlord  
  44  4:33  Roach  
  44  4:34  Roach x2  
  44  4:35  Zergling x4  
  44  4:36  Drone  
  44  4:37  Hatchery  
  52  5:00  Extractor  
  52  5:03  Extractor  
  52  5:04  Glial Reconstitution  
  52  5:05  Centrifical Hooks  
  50  5:08  Zergling x4, Overlord  
  50  5:09  Drone x5  
  57  5:14  Queen  
  57  5:17  Queen  
  57  5:19  Drone x6  
  67  5:29  Drone  
  67  5:30  Drone  
  67  5:31  Overseer  
  69  5:35  Baneling  
  69  5:36  Baneling x5  
  69  5:50  Drone  
  69  5:51  Drone x4  
  74  6:20  Roach x2, Overlord  
  74  6:21  Roach, Overlord  
  74  6:22  Drone x2  
  82  6:40  Extractor  
  82  6:41  Extractor  
  82  6:44  Evolution Chamber  
  82  6:45  Spire  
  82  6:46  Drone, Evolution Chamber  
  78  6:50  Overlord x2  
  78  6:51  Drone x2  
  78  6:52  Drone x4  
  84  7:21  Zerg Missile Weapons Level 1, Zerg Ground Armor Level 1  
  84  7:26  Infestation Pit  
  84  7:28  Drone  
  84  7:29  Drone x4  
  88  7:30  Drone  
  88  7:31  Drone  
  88  7:32  Roach x3  
  88  7:33  Roach x2  
  100  8:07  Zerg Flyer Weapons Level 1  
  100  8:08  Mutalisk x7  
  100  8:10  Overlord  
  100  8:11  Overlord x3  
  111  9:01  Baneling x8  
  111  9:03  Mutalisk x4  
  111  9:04  Mutalisk x6  
  111  9:05  Mutalisk  
  111  9:06  Overlord x4  
  111  9:07  Overlord  
  133  9:15  Hive  
  133  9:41  Overseer  
  133  9:50  Roach  
  133  9:51  Roach x17  
  169  10:05  Zerg Missile Weapons Level 2, Zerg Ground Armor Level 2  
  157  11:08  Corruptor  
  157  11:09  Corruptor  
  152  11:14  Corruptor x7  
  152  11:15  Corruptor x2  
  149  11:31  Corruptor x2  
  137  11:59  Mutalisk  
  137  12:00  Mutalisk x2  
  141  12:04  Queen  
  141  12:06  Drone x2  
  141  12:07  Drone x4  
  148  13:05  Mutalisk  
  148  13:06  Mutalisk x7  
  164  13:36  Mutalisk  
  164  13:37  Mutalisk x4  
  174  13:48  Zerg Missile Weapons Level 3  
  174  14:10  Hatchery  
  173  14:25  Overlord x4  
  173  14:26  Overlord x3  
  173  14:40  Corruptor  
  173  14:41  Corruptor  
  173  14:43  Corruptor  
  173  14:44  Corruptor x5  
  157  15:37  Corruptor  
  157  15:38  Corruptor x7  
  155  15:58  Mutalisk  
  155  15:59  Mutalisk x2  
  155  16:10  Queen  
  155  16:34  Mutalisk x2  
  155  16:35  Mutalisk x4  
  167  16:40  Overseer, Extractor  
  167  16:41  Overseer  
  167  16:45  Extractor  
  165  17:17  Corruptor  
  165  17:18  Corruptor x4  
  165  17:21  Zergling x2  
  165  17:22  Zergling x22  
  187  17:52  Corruptor  
  187  17:53  Corruptor x5  
  187  17:54  Zergling x2  
  172  19:19  Mutalisk x13  
  192  19:47  Mutalisk x3  
  198  20:03  Hatchery  
  197  20:26  Mutalisk  
  197  20:27  Zergling x2  
  200  20:38  Overseer x5  
  200  20:47  Zerg Flyer Armor Level 1  
  186  22:40  Roach  
  186  22:41  Roach x7  
  200  23:46  Zerg Ground Armor Level 3  
  200  23:47  Zerg Flyer Weapons Level 2  
  200  23:55  Extractor x2  
  198  24:14  Roach  
  194  24:59  Roach x2  
  198  25:00  Zergling x2  
  199  25:07  Roach x3  
  199  25:13  Roach  
  199  25:41  Zergling x2, Roach x2  
  195  26:01  Corruptor x4  
  195  26:02  Corruptor  
Show
View Real Time Build Order
Export as new Build Order

miguel Protoss 

Build Orders:  

Get SALT Encoding   

  12  0:02  Probe (Chrono Boost)  
  13  0:17  Pylon, Probe (Chrono Boost)  
  14  0:29  Assimilator  
  14  0:38  Forge  
  14  0:42  Probe  
  15  0:57  Gateway  
  15  1:01  Probe (Chrono Boost)  
  16  1:14  Photon Cannon  
  16  1:28  Pylon  
  16  1:55  Nexus  
  16  2:02  Probe (Chrono Boost)  
  16  2:06  Zealot  
  19  2:22  Photon Cannon  
  19  2:33  Assimilator  
  19  2:52  Zealot  
  21  2:59  Cybernetics Core  
  21  3:06  Assimilator  
  21  3:09  Probe (Chrono Boost)  
  21  3:15  Assimilator  
  22  3:21  Probe (Chrono Boost)  
  22  3:29  Probe (Chrono Boost)  
  23  3:35  Probe (Chrono Boost)  
  23  3:40  Pylon  
  24  3:41  Probe  
  24  3:43  Probe  
  26  3:50  Stalker  
  28  3:55  Probe  
  28  3:58  Pylon, Probe  
  30  4:08  Probe (Chrono Boost)  
  31  4:12  Warp Gate (Chrono Boost)  
  31  4:19  Probe (Chrono Boost), Robotics Facility  
  33  4:24  Probe (Chrono Boost)  
  33  4:32  Pylon  
  33  4:34  Probe  
  34  4:43  Stargate  
  34  4:44  Probe  
  35  4:56  Photon Cannon, Probe  
  36  5:00  Photon Cannon  
  36  5:08  Pylon, Probe  
  37  5:18  Observer  
  37  5:20  Probe  
  39  5:24  Gateway  
  39  5:28  Stargate  
  39  5:35  Probe (Chrono Boost)  
  40  5:42  Photon Cannon  
  40  5:45  Probe (Chrono Boost)  
  40  5:47  Pylon  
  40  5:49  Probe (Chrono Boost)  
  42  5:59  Twilight Council, Probe (Chrono Boost)  
  44  6:06  Probe (Chrono Boost)  
  44  6:08  Probe (Chrono Boost)  
  45  6:15  Probe (Chrono Boost)  
  45  6:16  Void Ray  
  50  6:21  Fleet Beacon  
  50  6:22  Probe (Chrono Boost)  
  51  6:31  Probe (Chrono Boost)  
  52  6:38  Probe (Chrono Boost)  
  53  6:44  Void Ray  
  58  6:48  Probe (Chrono Boost)  
  58  6:50  Pylon  
  58  6:58  Stargate  
  58  7:10  Pylon  
  58  7:13  Pylon  
  58  7:15  Probe  
  59  7:23  Photon Cannon  
  59  7:24  Photon Cannon  
  59  7:28  Probe  
  60  7:30  Photon Cannon, Carrier  
  60  7:33  Photon Cannon  
  60  7:37  Photon Cannon  
  66  7:41  Pylon  
  66  7:48  Void Ray  
  70  7:53  Graviton Catapult  
  70  8:02  Gateway, Probe (Chrono Boost)  
  71  8:12  Probe (Chrono Boost)  
  72  8:16  Stargate  
  72  8:19  Probe (Chrono Boost)  
  73  8:32  Photon Cannon  
  73  8:34  Photon Cannon  
  73  8:41  Carrier (Chrono Boost)  
  73  8:44  Void Ray  
  83  8:50  Photon Cannon  
  83  9:05  Charge  
  83  9:09  Observer  
  84  9:12  Pylon  
  84  9:20  Pylon  
  90  9:31  Oracle (Chrono Boost)  
  90  9:34  Oracle (Chrono Boost)  
  90  9:38  Templar Archives  
  90  9:41  Pylon  
  90  10:04  Void Ray (Chrono Boost), Protoss Shields Level 1  
  94  10:19  Zealot x2  
  98  10:23  Zealot  
  100  10:30  Gateway  
  88  10:52  Probe  
  77  11:04  Probe  
  72  11:16  Probe  
  73  11:21  Stalker  
  73  11:24  Stalker  
  71  11:28  Carrier  
  71  11:29  Void Ray  
  71  11:30  Void Ray  
  81  11:34  High Templar  
  77  11:54  Void Ray  
  81  11:57  Stalker x2  
  85  12:12  Nexus  
  85  12:21  Stalker  
  85  12:22  Stalker  
  85  12:54  Carrier  
  85  12:55  Carrier  
  97  12:59  Pylon  
  97  13:03  Pylon  
  97  13:14  Probe  
  98  13:26  Probe (Chrono Boost)  
  100  13:27  Photon Cannon  
  100  13:29  Photon Cannon  
  100  13:31  Probe (Chrono Boost)  
  101  13:35  Probe (Chrono Boost)  
  101  13:37  Probe (Chrono Boost)  
  101  13:40  Photon Cannon  
  102  13:42  Probe (Chrono Boost)  
  102  13:43  Photon Cannon  
  102  13:44  Probe (Chrono Boost)  
  102  13:46  Pylon  
  104  13:49  Pylon  
  104  13:51  Probe (Chrono Boost)  
  106  13:58  Probe (Chrono Boost)  
  106  14:02  Probe (Chrono Boost)  
  108  14:03  Probe (Chrono Boost)  
  108  14:06  Photon Cannon, Probe (Chrono Boost)  
  109  14:12  Photon Cannon, Probe (Chrono Boost)  
  110  14:17  Probe (Chrono Boost)  
  110  14:22  Probe (Chrono Boost)  
  113  14:24  Probe (Chrono Boost)  
  113  14:28  Probe (Chrono Boost)  
  115  14:31  Probe (Chrono Boost)  
  115  14:32  Assimilator  
  115  14:34  Void Ray, Probe (Chrono Boost)  
  120  14:42  Photon Cannon, Probe (Chrono Boost)  
  122  14:49  Cybernetics Core, Probe (Chrono Boost)  
  122  15:00  High Templar  
  122  15:03  Forge  
  117  15:20  Assimilator, Probe  
  114  15:27  High Templar  
  116  15:29  Psionic Storm  
  116  15:33  Probe  
  117  15:40  Stalker  
  107  15:44  Carrier  
  107  15:45  Probe  
  107  15:46  Carrier  
  114  15:55  Stalker  
  114  15:56  Carrier  
  122  15:57  Probe  
  119  16:30  Pylon  
  119  16:33  Photon Cannon  
  119  16:40  Pylon  
  119  16:45  Observer  
  119  16:46  Nexus  
  120  16:49  Pylon  
  120  16:52  Pylon  
  120  16:57  High Templar x2  
  120  16:59  Carrier  
  130  17:07  Observer  
  131  17:20  Photon Cannon  
  131  17:24  Photon Cannon x2  
  131  17:26  Photon Cannon  
  131  17:28  Pylon  
  131  17:31  Pylon  
  131  17:33  Photon Cannon  
  131  17:34  Photon Cannon  
  131  17:39  Pylon  
  131  17:44  Assimilator  
  131  17:46  Assimilator  
  131  17:52  Carrier  
  137  17:59  Probe (Chrono Boost)  
  137  18:03  Photon Cannon  
  138  18:09  Photon Cannon, Probe (Chrono Boost)  
  139  18:13  Probe (Chrono Boost)  
  140  18:25  Probe  
  140  18:37  Probe  
  140  18:39  Carrier  
  140  18:40  Carrier  
  148  18:49  Probe  
  118  19:17  Void Ray  
  122  19:24  Stalker x2  
  122  19:25  Stalker  
  122  19:30  Probe  
  129  19:43  Probe  
  129  19:45  Protoss Air Weapons Level 1 (Chrono Boost), Stalker  
  128  19:49  Carrier  
  134  19:55  Probe (Chrono Boost)  
  135  20:03  Gateway  
  135  20:05  Probe (Chrono Boost)  
  136  20:07  Gateway  
  136  20:13  Probe x2 (Chrono Boost)  
  138  20:16  Protoss Air Armor Level 1 (Chrono Boost)  
  138  20:20  Probe (Chrono Boost)  
  140  20:22  Probe (Chrono Boost)  
  140  20:28  Protoss Shields Level 2 (Chrono Boost)  
  140  20:29  Probe  
  140  20:34  Photon Cannon  
  140  20:35  Photon Cannon  
  141  20:39  Photon Cannon  
  141  20:42  High Templar x3, Probe  
  146  20:45  Void Ray  
  146  20:46  Void Ray  
  146  20:48  Void Ray  
  160  20:54  Probe  
  161  21:06  Probe  
  162  21:13  Gateway  
  162  21:18  Probe  
  161  21:26  Stalker  
  161  21:30  Probe  
  147  21:41  Stalker x2  
  144  21:54  Void Ray  
  144  22:01  Stalker  
  122  22:10  Void Ray x2  
  116  22:24  Stalker  
  116  22:32  Stalker x2  
  116  22:33  Stalker  
  120  22:39  Carrier  
  120  22:40  Carrier  
  132  22:53  Pylon  
  132  22:54  Probe (Chrono Boost)  
  133  23:03  Probe (Chrono Boost)  
  134  23:10  Nexus  
  134  23:26  Stalker  
  136  23:33  Void Ray  
  136  23:34  Void Ray  
  144  23:40  Pylon  
  144  23:41  Pylon  
  144  24:05  Pylon  
  144  24:06  Photon Cannon x2  
  144  24:11  Photon Cannon  
  144  24:12  Pylon  
  144  24:14  Photon Cannon  
  144  24:16  Pylon  
  144  24:22  Pylon, Probe (Chrono Boost)  
  146  24:32  Probe (Chrono Boost)  
  122  25:12  Zealot x3  
  112  25:35  High Templar  
  112  25:38  High Templar  
  112  25:40  High Templar  
  118  25:48  Void Ray  
  118  25:49  Void Ray  
  124  25:50  Void Ray  
  124  25:51  Void Ray  
  128  26:09  Stalker  
  128  26:10  Stalker  
  116  26:35  Zealot  
Tags
 
Composition
Muta Ling Bane
Matchup
PvZ
Spawn Locations
Cross Positions
Add a new tag
Caveats
  • Supply blocks, unpowered buildings, or Contaminate may cause inaccurate times.
  • Supply counts are checked every 10 seconds.